 Dungeon Crawl Stone Soup version 0.28.0-45-g0d030f2227 (webtiles) character file.

Game seed: 8452300844866884569

1724 Descartes the Ruffian (level 8, 0/66 (70) HPs)
             Began as a Troll Warper on Apr 5, 2022.
             Was an Initiate of Elyvilon.
             Slain by a wight
             ... wielding a +0 long sword
              (2 damage)
             ... on level 7 of the Dungeon.
             The game lasted 00:13:11 (6074 turns).

Descartes the Ruffian (Troll Warper)                Turns: 6074, Time: 00:13:11

HP:   0/66 (70)     AC:  5    Str: 20    XL:     8   Next: 75%
MP:   8/8           EV:  9    Int: 11    God:    Elyvilon [......]
Gold: 388           SH:  6    Dex:  9    Spells: 7/9 levels left

rFire   . . .      SeeInvis +     - Unarmed
rCold   . . .      Faith    .   K - +0 kite shield
rNeg    . . .      Spirit   .   a - +0 robe
rPois   .          Reflect  .   (helmet restricted)
rElec   .          Harm     .   w - +0 cloak
rCorr   .          Rampage  .   (gloves unavailable)
Will    .....                   (boots unavailable)
Stlth   +.........              (no amulet)
HPRegen 1.01/turn               M - ring of see invisible
MPRegen 0.11/turn               (no ring)

@: drained
A: large, unfitting armour, claws 3, regeneration 1, shaggy fur 1, tough skin 1
a: Renounce Religion


You were on level 7 of the Dungeon.
You worshipped Elyvilon.
Elyvilon was noncommittal.
You visited 1 branch of the dungeon, and saw 7 of its levels.
You also visited: Sewer and Ossuary.

You collected 388 gold pieces.

Inventory:

Hand Weapons
 q - the +4 quarterstaff of Nostasoc {freeze, rElec rN+ Str+2 Stlth-}
   (You found it on level 3 of the Dungeon)

   It freezes those it strikes, dealing additional cold damage.
   It can also slow down cold-blooded creatures.
   Str:       It affects your strength (+2).
   rElec:     It insulates you from electricity.
   rN:        It protects you from negative energy.
   Stlth:     It makes you less stealthy.
 F - the +8 whip of the Ageless Places {protect, rN+ Int+6}
   (You found it on level 5 of the Dungeon)

   It grants its wielder temporary protection when it strikes (+7 to AC).
   Int:       It affects your intelligence (+6).
   rN:        It protects you from negative energy.
Missiles
 c - 5 boomerangs of dispersal (quivered)
 g - 245 stones
 m - 4 atropa-tipped darts
 t - 10 poisoned darts
 v - 2 boomerangs
 J - 2 throwing nets
Armour
 a - a +0 robe (worn)
 w - a +0 cloak (worn)
 K - a +0 kite shield (worn)
Jewellery
 M - a ring of see invisible (left claw)
Wands
 l - a wand of acid (4)
 o - a wand of iceblast (5)
Scrolls
 b - 2 scrolls of blinking
 f - 4 scrolls of enchant weapon
 h - 3 scrolls of enchant armour
 i - 5 scrolls of amnesia
 n - a scroll of summoning
 y - 2 scrolls of magic mapping
 A - a scroll of noise
 C - 4 scrolls of identify
 E - 2 scrolls of torment
 G - a scroll of teleportation {unknown}
 H - 3 scrolls of immolation {unknown}
 I - a scroll of vulnerability {unknown}
 L - a scroll of fear {unknown}
Potions
 d - 5 potions of degeneration
 e - a potion of heal wounds
 j - a potion of curing
 k - 2 potions of attraction {unknown}
 p - 2 potions of ambrosia {unknown}
 r - a potion of berserk rage {unknown}
 s - 3 potions of cancellation {unknown}
 u - 3 potions of mutation
 x - 2 potions of magic {unknown}
 z - 2 potions of haste {unknown}
 B - 2 potions of brilliance {unknown}
 D - 4 potions of flight


   Skills:
 - Level 1.5 Fighting
 - Level 0.8 Throwing
 - Level 5.0 Dodging
 + Level 1.0 Shields
 + Level 6.0 Unarmed Combat
 - Level 1.2 Spellcasting
 + Level 4.9 Translocations
 + Level 3.6 Transmutations


You had 7 spell levels left.
You knew the following spells:

 Your Spells              Type           Power      Damage    Failure   Level
a - Blink                 Tloc           22%        N/A       16%         2

Your spell library contained the following spells:

 Spells                   Type           Power      Damage    Failure   Level
 Gell's Gravitas          Tloc           11%        N/A       32%         3
 Lesser Beckoning         Tloc           11%        N/A       32%         3
 Teleport Other           Tloc           11%        N/A       32%         3
 Slow                     Hex            0%         N/A       63%         1
 Portal Projectile        Hex/Tloc       12%        N/A       65%         3
 Confusing Touch          Hex            0%         N/A       94%         3
 Vampiric Draining        Necr           0%         2d6       94%         3
 Manifold Assault         Tloc           11%        N/A       96%         5
 Blade Hands              Tmut           4%         N/A       99%         5
 Excruciating Wounds      Necr           0%         N/A       100%        5
 Storm Form               Tmut/Air       2%         N/A       100%        7


Dungeon Overview and Level Annotations

Branches:
Dungeon (7/15)             Temple (0/1) D:6           Sewer (visited)
Ossuary (visited)

Altars:
Elyvilon
Zin

Shops:
D:1 =


Innate Abilities, Weirdness & Mutations

You are too large for most types of armour.
You have claws for hands.
Your natural rate of healing is unusually fast.
You are covered in fur. (AC +1)
You have tough skin. (AC +1)


Message History

You are too injured to fight recklessly!
You are too injured to fight recklessly!
You are too injured to fight recklessly!
You are too injured to fight recklessly!
You are too injured to fight recklessly!
You are too injured to fight recklessly!
You are too injured to fight recklessly!
You are too injured to fight recklessly!
You are too injured to fight recklessly!
You are too injured to fight recklessly!
You are too injured to fight recklessly!
You are too injured to fight recklessly!
Unknown command.
You claw the wight!
The wight is severely damaged.
The wight hits you with a +4 morningstar!
* * * LOW HITPOINT WARNING * * *
You scratch the wight but do no damage.
The wight is severely damaged.
The wight hits you but does no damage.
You scratch the wight but do no damage.
The wight is severely damaged.
The wight misses you.
You claw the wight!
You destroy the wight!
You feel your intelligence returning.
Your Shields skill increases to level 1!
You closely miss the wight.
The wight hits you with a +0 long sword!
* * * LOW HITPOINT WARNING * * *
Unknown command.
You claw the wight!
The wight is heavily damaged.
The wight hits you with a +0 long sword!
* * * LOW HITPOINT WARNING * * *
An iguana comes into view.
The wight hits you with a +0 long sword.
* * * LOW HITPOINT WARNING * * *
You feel drained.
You die...

#..........#####
#...............
#....<.......## #
#....).....#.....
#..........#.....
#.......[...l....
######.....#.....
#..#..## ....
#@##..# ..
#.z)..# ####..#
#).# #....
....... .........
..........
..........


You could see a wight.

Vanquished Creatures
  2 ogres (D:5)
  A gnoll sergeant (D:6)
  3 scorpions (D:5)
  8 water moccasin zombies (Ossuary)
  3 wights (D:7)
  A howler monkey (D:6)
  A jelly (D:7)
  A gnoll shaman (D:6)
  3 centaur skeletons
  2 iguanas
  A killer bee zombie (D:6)
  2 mummies (Ossuary)
  A howler monkey zombie (D:6)
  9 gnolls
  15 adders
  6 river rats (Sewer)
  2 white imps (D:5)
  5 adder zombies (Ossuary)
  4 worms
  A dart slug (D:2)
  11 orcs
  14 bats
  7 endoplasms
  A giant cockroach (D:1)
  A gnoll zombie (Ossuary)
  4 goblins
  9 hobgoblins
  3 jackals (Sewer)
  9 quokkas
  15 ball pythons
  6 frilled lizards
  6 hobgoblin zombies (Ossuary)
  6 kobolds
  9 kobold zombies (Ossuary)
  2 orc zombies (Ossuary)
  6 rats
180 creatures vanquished.

Notes
Turn   | Place    | Note
-------+----------+-------------------------------------------
     0 | D:1      | Descartes the Troll Warper began the quest for the Orb.
     0 | D:1      | Reached XP level 1. HP: 19/19 MP: 1/1
    80 | D:1      | Found Joisenn's Jewellery Boutique.
    93 | D:1      | Reached XP level 2. HP: 27/27 MP: 2/2
   338 | D:1      | Reached XP level 3. HP: 26/33 MP: 3/3
  1180 | D:2      | Reached XP level 4. HP: 37/41 MP: 4/4
  1185 | D:2      | Reached skill level 3 in Unarmed Combat
  1436 | D:2      | Learned a level 2 spell: Blink
  1648 | D:3      | Identified the +4 quarterstaff of Nostasoc {freeze, rElec
                  | rN+ Str+2 Stlth-}
  2409 | D:4      | Identified the +8 short sword of Feppiloi {vorpal, Int+2}
  2704 | D:4      | Reached XP level 5. HP: 48/48 MP: 5/5
  2918 | D:5      | Entered Level 5 of the Dungeon
  2965 | D:5      | Reached skill level 1 in Transmutations
  2972 | D:5      | Reached XP level 6. HP: 32/55 MP: 6/6
  3011 | D:5      | Reached skill level 4 in Unarmed Combat
  3026 | D:5      | Found a sand-covered staircase.
  3031 | Ossuary  | Entered an ossuary
  3117 | Ossuary  | Reached XP level 7. HP: 53/62 MP: 7/7
  3297 | Ossuary  | Reached skill level 5 in Unarmed Combat
  3418 | D:5      | Found a glowing drain.
  3434 | Sewer    | Entered a sewer
  3653 | Sewer    | HP: 3/62 [river rat (6)]
  3667 | Sewer    | HP: 3/62 [river rat (5)]
  3836 | Sewer    | Reached XP level 8. HP: 57/70 MP: 8/8
  4487 | D:5      | Identified the +8 whip of the Ageless Places {protect, rN+
                  | Int+6}
  5475 | D:6      | Found a staircase to the Ecumenical Temple.
  5741 | D:6      | Found a white marble altar of Elyvilon.
  5741 | D:6      | Found a glowing silver altar of Zin.
  6005 | D:6      | Became a worshipper of Elyvilon the Healer
  6031 | D:7      | Reached skill level 5 in Dodging
  6065 | D:7      | Reached skill level 6 in Unarmed Combat
  6072 | D:7      | Reached skill level 1 in Shields
  6074 | D:7      | HP: 2/68 [wight/+0 long sword (5)]
  6074 | D:7      | Slain by a wight

Illustrated notes

Levels and vault maps discovered:
D:1:      heliophobic_arrival_glass_houses, layout_basic, serial_shops, shop,
          serial_glass, glass_columns_a, glass_columns_a, due_unseen_surprise,
          feat_on_display, feat_on_display, item_on_display_a
D:2:      layout_loops_ring, columned_hall_lemuel
D:3:      layout_basic
D:4:      layout_gridville
D:5:      layout_basic, nicolae_ossuary_entry_false_entrances,
          cheibrodos_sewer_entry_bend
D:6:      layout_basic, gammafunk_temple_overflow_wave,
          minmay_temple_entry_from_below_b
D:7:      layout_rooms, uniq_crazy_yiuf_cottage, uniq_menkaure

Skill      XL: |  1  2  3  4  5  6  7  8 |
---------------+-------------------------+-----
Dodging        | 2 3 4 5 |  5.0
Unarmed Combat | 3 4 5 6 |  6.0
Translocations | 3 4 |  4.9
Transmutations | 1 2 3 |  3.6
Shields        | 1 |  1.0
Fighting       | |  1.5
Throwing       | |  0.8
Spellcasting   | |  1.2

Action                   |  1- 3 |  4- 6 |  7- 9 || total
-------------------------+-------+-------+-------++-------
Melee: Unarmed           |   118 |   172 |   359 ||   649
       Punch             |       |     6 |    10 ||    16
Evoke: Wand              |       |       |     2 ||     2
  Use: Scroll            |       |     6 |     1 ||     7
       Potion            |       |       |     5 ||     5
 Stab: Sleeping          |       |     1 |       ||     1
Armor: Robe              |    51 |    53 |   143 ||   247
Dodge: Dodged            |    81 |    80 |   224 ||   385
Block: Kite shield       |       |       |     9 ||     9
